Map: Cactus Valley LE (Void)

Players

ViBE - Winner!

  • Race: Zerg Zerg
  • Spawn Location: 7:00

Allaryce

  • Race: Zerg Zerg
  • Spawn Location: 5:00

Event: WCS Austin 2017

VOD

Have the link to the VOD?

Description

Time

  • Played on: April 28, 2017, 3:03 p.m.
  • Length: 10:08

All games in this series

Show
View Real Time Build Order
Export as new Build Order

ViBE Zerg - Winner!

Build Orders: Pool First 

Get SALT Encoding   

  12  0:01  Drone  
  13  0:13  Overlord  
  13  0:19  Drone  
  14  0:31  Drone  
  14  0:32  Drone  
  17  0:35  Drone  
  17  0:47  Spawning Pool  
  17  0:49  Drone  
  17  0:53  Extractor  
  17  0:56  Drone  
  17  1:17  Hatchery  
  16  1:23  Overlord  
  16  1:36  Zergling x4  
  18  1:40  Queen  
  18  1:45  Drone  
  21  1:50  Drone  
  22  2:02  Drone  
  23  2:12  Drone  
  24  2:18  Lair  
  24  2:23  Drone  
  25  2:31  Drone, Queen  
  25  2:32  Spine Crawler  
  25  2:36  Drone  
  28  2:40  Drone  
  28  2:44  Drone  
  30  2:51  Drone x3  
  33  3:01  Zergling x6  
  36  3:14  Overlord  
  36  3:20  Evolution Chamber  
  36  3:26  Queen, Roach Warren  
  36  3:31  Evolution Chamber  
  30  3:43  Spire  
  29  4:05  Extractor  
  29  4:06  Roach x4  
  37  4:10  Drone x3  
  37  4:16  Drone  
  40  4:28  Drone x4  
  44  4:31  Overlord  
  44  4:36  Overlord  
  44  4:37  Extractor  
  43  4:39  Overlord, Extractor  
  43  4:42  Overlord  
  42  4:51  Drone x2  
  44  4:54  Zerg Flyer Weapons Level 1  
  44  4:56  Drone  
  44  4:57  Drone  
  46  5:00  Drone  
  47  5:07  Mutalisk  
  47  5:10  Mutalisk  
  51  5:16  Drone x2  
  51  5:21  Mutalisk  
  53  5:24  Drone  
  53  5:28  Drone  
  57  5:30  Drone  
  57  5:32  Drone  
  59  5:36  Drone x2  
  61  5:55  Hatchery  
  61  5:56  Drone  
  61  5:59  Drone  
  61  6:00  Drone x2  
  64  6:04  Mutalisk  
  64  6:05  Mutalisk  
  68  6:16  Overlord  
  68  6:17  Overlord  
  68  6:33  Overlord x2  
  68  6:36  Mutalisk x4  
  76  6:41  Mutalisk x2  
  76  6:44  Mutalisk  
  82  6:50  Overlord  
  82  6:55  Overseer  
  82  7:00  Zerg Missile Weapons Level 1  
  82  7:06  Glial Reconstitution  
  82  7:17  Overlord  
  82  7:18  Drone, Overlord  
  82  7:19  Drone x8  
  91  7:28  Drone x2  
  93  7:30  Zerg Ground Armor Level 1  
  93  7:42  Roach x5  
  93  7:43  Roach  
  103  7:51  Drone x4  
  104  7:54  Drone  
  108  8:05  Overlord x3  
  108  8:07  Roach x4  
  116  8:23  Roach  
  116  8:24  Roach x7  
  132  8:37  Roach x5  
  132  8:38  Roach x2  
  146  8:44  Pneumatized Carapace  
  146  8:45  Overseer  
  146  8:46  Overseer  
  146  8:49  Overlord x3  
  146  8:57  Drone, Extractor  
  147  9:05  Hatchery  
  147  9:09  Roach  
  162  9:10  Roach x9  
  166  9:23  Roach x2  
  168  9:41  Overlord  
  168  9:42  Overlord x6  
Show
View Real Time Build Order
Export as new Build Order

Allaryce Zerg 

Build Orders: Hatch First 

Get SALT Encoding   

  12  0:01  Drone  
  13  0:12  Overlord  
  13  0:18  Drone  
  14  0:31  Drone x2  
  14  0:35  Drone  
  17  0:53  Hatchery  
  17  0:56  Drone  
  17  1:00  Extractor  
  17  1:01  Drone  
  17  1:16  Spawning Pool  
  16  1:23  Drone x2  
  18  1:30  Drone  
  19  1:49  Overlord  
  19  2:04  Zergling x4  
  19  2:05  Queen  
  19  2:06  Zergling x2  
  24  2:11  Metabolic Boost  
  24  2:12  Queen  
  26  2:16  Drone  
  26  2:19  Drone  
  28  2:28  Baneling Nest  
  28  2:29  Zergling x2  
  28  2:32  Zergling x2  
  28  2:35  Drone  
  30  2:43  Zergling x2  
  31  2:53  Zergling x2  
  31  2:54  Zergling x2  
  33  3:14  Baneling x3  
  33  3:20  Drone x3  
  36  3:35  Overlord x2  
  34  3:41  Queen  
  34  3:42  Hatchery  
  34  3:44  Baneling x2  
  35  3:53  Evolution Chamber  
  35  3:54  Lair  
  35  3:55  Extractor  
  33  3:56  Drone  
  33  3:58  Drone  
  35  4:14  Drone x2, Roach Warren  
  35  4:16  Drone  
  37  4:25  Zerg Missile Weapons Level 1  
  37  4:28  Drone  
  37  4:29  Drone  
  39  4:42  Drone  
  39  4:43  Drone x3  
  39  4:45  Drone  
  44  4:51  Drone  
  44  4:52  Drone  
  46  4:55  Glial Reconstitution  
  46  4:59  Overseer  
  46  5:04  Queen  
  48  5:07  Drone  
  48  5:11  Drone x2  
  51  5:19  Roach x2  
  55  5:21  Overlord  
  55  5:29  Queen  
  57  5:37  Overlord  
  57  5:39  Queen  
  59  5:46  Roach  
  58  5:55  Queen  
  60  6:03  Ravager  
  60  6:04  Queen  
  60  6:05  Spore Crawler  
  60  6:07  Spore Crawler  
  59  6:15  Queen, Infestation Pit  
  59  6:16  Extractor  
  58  6:19  Extractor  
  58  6:24  Spore Crawler  
  56  6:31  Drone x3, Queen  
  56  6:32  Drone x3  
  61  6:40  Spire  
  61  6:45  Queen  
  63  6:55  Overlord  
  63  6:56  Overlord x4  
  60  7:16  Infestor  
  60  7:17  Infestor x3  
  68  7:24  Burrow  
  68  7:26  Drone x2  
  68  7:27  Drone x3  
  72  7:41  Infestor, Extractor  
  73  7:44  Drone x3  
  73  7:48  Queen  
  78  7:52  Infestor  
  80  8:01  Unknown  
  80  8:14  Queen  
  80  8:15  Overlord  
  80  8:16  Overlord x4  
  82  8:25  Pathogen Glands  
  79  8:34  Drone  
  79  8:35  Drone x2  
  83  8:55  Drone  
  83  8:56  Drone  
  83  9:00  Drone x11  
  95  9:21  Drone, Extractor  
  95  9:22  Drone x2  
  97  9:33  Extractor  
  97  9:36  Extractor  
  93  9:46  Zergling x2, Roach x2  
  93  9:47  Roach x11  
Tags
 
Add a new tag
Caveats
  • Supply blocks, unpowered buildings, or Contaminate may cause inaccurate times.
  • Supply counts are checked every 10 seconds.